Cogmind - Beta 11 X10 @@@ ROGUE MODE // 2022.02.12 @ 22:19:55 Player: biogoob Result: Destroyed by as-92392 with Assembled Heavy Rifle Performance ------------- Evolutions (0) 0 Regions Visited (4) 800 Robots Destroyed (4) 20 Value Destroyed (162) 162 Prototype IDs (23) 460 Alien Tech Used (0) 0 Bonus (300) 300 TOTAL SCORE: 1742 Bonus ------- Aligned with FarCom 300 Cogmind --------- Core Integrity 0/250 Matter 223/300 Energy 250/250 System Corruption 4% Temperature Cool (0) Movement Walking (260) Ox2 Location -9/Mines Parts ------- > --- POWER (1) -------- Ion Engine > --- PROPULSION (2) --- Aluminum Leg Aluminum Leg > --- UTILITY (2) ------ Improved Heat Sink High-capacity Storage Unit > --- WEAPON (2) ------- (None) > --- INVENTORY (20) --- Ion Engine Ion Engine Light Treads Light Treads Aluminum Leg Compact Wheel Improved Heat Sink Large Storage Unit Structural Scanner Medium Laser Light Assault Rifle Light Assault Rifle Light Assault Rifle Grenade Launcher Grenade Launcher Longsword +1 Peak State ------------ > --- POWER ------------ Ion Engine > --- PROPULSION ------- Aluminum Leg Wheel > --- UTILITY ---------- Improved Heat Sink High-capacity Storage Unit > --- WEAPON ----------- Particle Gun Particle Gun > --- INVENTORY -------- Ion Engine Ion Engine Ion Engine Light Treads Light Treads Aluminum Leg Aluminum Leg Aluminum Leg Aluminum Leg Compact Wheel Improved Heat Sink Structural Scanner Medium Laser Light Assault Rifle Light Assault Rifle Light Assault Rifle Grenade Launcher Grenade Launcher [Rating: 13] Favorites ----------- Power Ion Engine Engine Ion Engine Propulsion Aluminum Leg Leg Aluminum Leg Wheel Wheel Utility High-capacity Storage Unit Device Improved Heat Sink Storage High-capacity Storage Unit Weapon Particle Gun Energy Gun Particle Gun Ballistic Gun Light Assault Rifle Build | -11 -10 -10 -10 -9 ------- Run | Scr Mat Min Exi Min Slots Evolved . | . . . . . Power . | . . . . . Propulsion . | . . . . . Utility . | . . . . . Weapon . | . . . . . Parts Attached 15 | . 4 7 . 4 Power 3 | . . 2 . 1 Engine 3 | . . 2 . 1 Core . | . . . . . Reactor . | . . . . . Propulsion 6 | . 1 2 . 3 Treads . | . . . . . Leg 5 | . . 2 . 3 Wheel 1 | . 1 . . . Hover . | . . . . . Flight . | . . . . . Utility 3 | . 2 1 . . Device 2 | . 1 1 . . Storage 1 | . 1 . . . Processor . | . . . . . Hackware . | . . . . . Protection . | . . . . . Artifact . | . . . . . Weapon 3 | . 1 2 . . Energy Gun 2 | . . 2 . . Energy Cannon . | . . . . . Ballistic Gun 1 | . 1 . . . Ballistic Cannon . | . . . . . Launcher . | . . . . . Special Weapon . | . . . . . Impact Weapon . | . . . . . Slashing Weapon . | . . . . . Piercing Weapon . | . . . . . Special Melee Weapon . | . . . . . Unidentified Prototypes . | . . . . . Parts Lost 6 | . . . . 6 Power 1 | . . . . 1 Propulsion 3 | . . . . 3 Utility . | . . . . . Weapon 2 | . . . . 2 Highest Loss Streak 6 | . . . . 6 To Critical Strikes . | . . . . . Average Slot Usage (%) 97 | . 91 100 100 98 Engine 14 | . 14 14 14 14 Leg 17 | . 27 14 14 19 Wheel 10 | . . 14 14 8 Device 12 | . 5 14 14 14 Storage 14 | . 14 14 14 14 Energy Gun 14 | . . 12 28 26 Ballistic Gun 13 | . 28 15 . . Naked Turns . | . . . . . Heaviest Build 52 | 12 48 52 52 52 Greatest Support 20 | 20 20 10 10 20 Greatest Overweight (x) 5 | . 4 5 5 5 Average Overweight (x) 3 | . . 4 5 4 Largest Inventory Capacity 20 | . 20 20 20 20 Average Capacity 17 | . 10 20 20 20 Most Carried 20 | . 8 18 20 20 Average Carried 14 | . 7 14 18 19 Final Capacity 20 | 8 20 20 20 20 Final Carried 20 | 6 8 18 20 16 Class Distribution -------------------- 51% | Scavenger-Mutant 48% | Mutant Dominant Class ---------------- Mutant | -10/Materials Mutant | -10/Mines Scavenger-Mutant | -10/Exiles Scavenger-Mutant | -9/Mines Resources | -11 -10 -10 -10 -9 ----------- Run | Scr Mat Min Exi Min Matter Collected 353 | 165 . 158 . 30 Remotely . | . . . . . Salvage Created 215 | . . 185 . 30 Parts 12 | . . 12 . . Haulers Intercepted . | . . . . . Recyclers Shooed . | . . . . . Parts Field Recycled . | . . . . . Retrieved Matter . | . . . . . Parts Self-Destructed . | . . . . . Prevented . | . . . . . Kills | -11 -10 -10 -10 -9 ------- Run | Scr Mat Min Exi Min Combat Hostiles Destroyed 7 | . . 4 . 3 Guns 7 | . . 4 . 3 Classes Destroyed 2 | . . 1 . 1 Grunt 4 | . . 4 . . Assembled 3 | . . . . 3 Best Kill Streak 3 | . . 2 . 3 Combat Bots Only 3 | . . 2 . 3 Max Kills in Single Turn 1 | . . 1 . 1 Gunslinging . | . . . . . Exploded . | . . . . . Melee . | . . . . . Uniques/NPCs Destroyed . | . . . . . Combat | -11 -10 -10 -10 -9 -------- Run | Scr Mat Min Exi Min Damage Taken 1104 | . . 366 . 738 Core 257 | . . 75 . 182 Absorbed by Shields . | . . . . . Core Remaining (%) 100 | 100 . . . . Volleys Fired 27 | . . 19 . 8 Largest 2 | . . 2 . 2 Hottest 130 | . . 40 . 130 Shots Fired 53 | . . 37 . 16 Gun 53 | . . 37 . 16 Cannon . | . . . . . Launcher . | . . . . . Special . | . . . . . Kinetic 37 | . . 37 . . Thermal 16 | . . . . 16 Explosive . | . . . . . Electromagnetic . | . . . . . Robot Hit Streak 11 | . . 11 . 8 Robot Miss Streak 3 | . . 3 . 2 Penetration Max . | . . . . . Secondary Targets . | . . . . . Shots Hit Robots 39 | . . 27 . 12 Core Hits 20 | . . 13 . 7 Critical Kills . | . . . . . Critical Parts Destroyed . | . . . . . Critical Strikes . | . . . . . Melee Attacks . | . . . . . Impact . | . . . . . Slashing . | . . . . . Piercing . | . . . . . Sneak Attacks . | . . . . . Combat Hostiles . | . . . . . Follow-up Attacks . | . . . . . Damage Inflicted 439 | . . 242 . 197 Guns 417 | . . 228 . 189 Cannons . | . . . . . Explosions . | . . . . . Melee . | . . . . . Ramming 22 | . . 14 . 8 Kinetic 228 | . . 228 . . Thermal 189 | . . . . 189 Explosive . | . . . . . Electromagnetic . | . . . . . Impact . | . . . . . Slashing . | . . . . . Piercing . | . . . . . Highest Corruption 4 | . 2 4 4 4 Average Corruption 3 | . 2 2 4 4 Corruption Purged . | . . . . . Corruption Blocked . | . . . . . Effects 24 | . 1 10 9 4 Message Errors 5 | . . 1 4 . Matter Fused 12 | . . 5 3 4 Heat Flow Errors 1 | . . . 1 . Energy Discharges 2 | . . 2 . . Parts Rejected 1 | . 1 . . . Data Loss (minor) 1 | . . . 1 . Alerts 1 | . . 1 . . Weapon Failures 1 | . . 1 . . Overload Shots . | . . . . . Overflow Damage . | . . . . . Projectiles . | . . . . . Explosions . | . . . . . Melee . | . . . . . Knockbacks . | . . . . . Impact . | . . . . . Kinetic . | . . . . . Secondary . | . . . . . Self-Inflicted Damage 7 | . . 7 . . Shots . | . . . . . Rammed 1 | . . 1 . . Targets Rammed 5 | . . 1 . 4 Kicked 4 | . . . . 4 Crushed . | . . . . . Highest Temperature 229 | . . 36 229 130 Average Temperature 41 | . . 16 127 56 Received Heat Transfer 342 | . . 222 . 120 Siege Activations . | . . . . . Robots Corrupted . | . . . . . Combat Hostiles . | . . . . . Parts Fried . | . . . . . Impact Corruptions . | . . . . . Robots Melted . | . . . . . Combat Hostiles . | . . . . . Parts Melted . | . . . . . Heat Transferred 444 | . . . . 444 Parts Sabotaged . | . . . . . Parts Stolen . | . . . . . Parts Stripped . | . . . . . Power Chain Reactions . | . . . . . Missiles Intercepted . | . . . . . Alert | -11 -10 -10 -10 -9 ------- Run | Scr Mat Min Exi Min Peak Influence 116 | . 42 116 . . Initial 16 | . . 16 . . Average 37 | . 24 54 . . Maximum Alert Level . | . . . . . Low Security (%) 100 | . 100 100 . 100 Level 1 . | . . . . . Level 2 . | . . . . . Level 3 . | . . . . . Level 4 . | . . . . . Level 5 . | . . . . . High Security . | . . . . . Max Security . | . . . . . Squads Dispatched 1 | . 1 . . . Investigation . | . . . . . Extermination . | . . . . . Reinforcement 1 | . 1 . . . Assault . | . . . . . Garrison . | . . . . . Intercept . | . . . . . Construction Impeded . | . . . . . Haulers Reinforced . | . . . . . Active Scanning Responses . | . . . . . Cargo Convoy Interrupts . | . . . . . Stealth | -11 -10 -10 -10 -9 --------- Run | Scr Mat Min Exi Min Distress Signals 1 | . . . . 1 Communications Jammed . | . . . . . Distress Signals . | . . . . . Times Spotted 25 | . 4 4 . 17 Peak Tracking Total 13 | . 3 2 . 13 Tactical Retreats 2 | . . . . 2 Traps | -11 -10 -10 -10 -9 ------- Run | Scr Mat Min Exi Min Traps Triggered 1 | . 1 . . . Indirectly . | . . . . . Trap Hack Attempts . | . . . . . Triggered . | . . . . . Disarmed . | . . . . . Reprogrammed . | . . . . . Reused . | . . . . . Traps Extracted . | . . . . . Installed . | . . . . . Triggered . | . . . . . Machines | -11 -10 -10 -10 -9 ---------- Run | Scr Mat Min Exi Min Machines Disabled . | . . . . . Max in Single Turn . | . . . . . Machines Sabotaged . | . . . . . Garrisons Compromised . | . . . . . Overloaded Fab Kills . | . . . . . Hacking | -11 -10 -10 -10 -9 --------- Run | Scr Mat Min Exi Min Machines Accessed 7 | . 4 1 2 . Terminals 5 | . 4 1 . . Fabricators . | . . . . . Repair Stations . | . . . . . Recycling Units . | . . . . . Scanalyzers . | . . . . . Garrison Access . | . . . . . Total Hacks 16 | . 10 4 2 . Successful 10 | . 5 3 2 . Failed 6 | . 5 1 . . Catastrophic . | . . . . . Database Lockouts . | . . . . . Manual 10 | . 8 1 1 . Terminals 14 | . 10 4 . . Fabricators . | . . . . . Repair Stations . | . . . . . Recycling Units . | . . . . . Scanalyzers . | . . . . . Garrison Access . | . . . . . Terminal Hacks 6 | . 2 2 2 . Record 2 | . . 1 1 . Dispatch Records 1 | . . 1 . . Recall Reinforcements 1 | . 1 . . . Zone Layout 1 | . 1 . . . EX-Prototype ID Bank 1 | . . . 1 . Fabricator Hacks . | . . . . . Repair Station Hacks . | . . . . . Recycling Unit Hacks . | . . . . . Scanalyzer . | . . . . . Garrison Access Hacks . | . . . . . Unauthorized Hacks 4 | . 3 1 . . Terminals 4 | . 3 1 . . Botnet 4 | . 3 1 . . Fabricators . | . . . . . Repair Stations . | . . . . . Recycling Units . | . . . . . Scanalyzers . | . . . . . Garrison Access . | . . . . . Data Cores Recovered . | . . . . . Used . | . . . . . Hacking Detections 4 | . 4 . . . Full Trace Events 1 | . 1 . . . Feedback Events . | . . . . . Feedback Blocked . | . . . . . Robot Schematics Acquired . | . . . . . Robots Built . | . . . . . Authchips . | . . . . . Time . | . . . . . Total Robot Build Rating . | . . . . . Part Schematics Acquired . | . . . . . Parts Built . | . . . . . Authchips . | . . . . . Time . | . . . . . Total Part Build Rating . | . . . . . Parts Repaired . | . . . . . Time . | . . . . . Parts Recycled . | . . . . . Recycled Matter . | . . . . . Retrieved Matter . | . . . . . Retrieved Components . | . . . . . Parts Scanalyzed . | . . . . . Part Schematics Acquired . | . . . . . Parts Damaged . | . . . . . Bothacking | -11 -10 -10 -10 -9 ------------ Run | Scr Mat Min Exi Min Used RIF Installer . | . . . . . Robots Hacked . | . . . . . Non-combat . | . . . . . Combat . | . . . . . Robot Hacks Applied . | . . . . . Relay Couplers Released . | . . . . . Fabnet Peak Effective % . | . . . . . Robots Rewired . | . . . . . Allies Hacked . | . . . . . Hacks Repelled . | . . . . . Allies | -11 -10 -10 -10 -9 -------- Run | Scr Mat Min Exi Min Total Allies . | . . . . . Largest Group . | . . . . . Highest-Rated Group . | . . . . . Highest-Rated Ally . | . . . . . Total Orders . | . . . . . Ally Attacks . | . . . . . Total Damage . | . . . . . Kills . | . . . . . Allies Corrupted . | . . . . . Allies Melted . | . . . . . Intel | -11 -10 -10 -10 -9 ------- Run | Scr Mat Min Exi Min Robot Analysis Total . | . . . . . Derelict Logs Recovered 3 | . . 2 . 1 Drone Launches . | . . . . . Drone Recoveries . | . . . . . Exploration | -11 -10 -10 -10 -9 ------------- Run | Scr Mat Min Exi Min Turns Passed 1475 | . 353 600 374 148 Spaces Moved 894 | 1 261 329 241 62 Core . | . . . . . Treads . | . . . . . Legs 281 | 1 253 18 . 9 Wheels 613 | . 8 311 241 53 Hover . | . . . . . Flight . | . . . . . Fastest Speed 120 | 120 120 140 155 155 Average Speed 152 | 120 132 161 155 173 Slowest Speed 470 | 120 260 400 155 470 Overloaded Moves . | . . . . . Propulsion Burnouts . | . . . . . Robots Hopped . | . . . . . Cave-ins Triggered . | . . . . . Exploration Rate (%) 43 | 2 56 74 60 26 Regions Visited 4 Branch Regions 3 Pre-discovered Areas 1 | . . . 1 . Known Exits Taken . | . . . . . Unknown Exits Taken 4 | 1 1 1 1 . Scrap Searched . | . . . . . Spaces Dug . | . . . . . Terrain Destroyed . | . . . . . Melee . | . . . . . Projectile . | . . . . . AOE . | . . . . . Terrain Rammed . | . . . . . Walls Destroyed . | . . . . . Machines Disabled . | . . . . . Actions | -11 -10 -10 -10 -9 --------- Run | Scr Mat Min Exi Min Total 954 | . 267 364 242 81 Wait 5 | . . 2 . 3 Move 890 | . 260 328 240 62 Hop . | . . . . . Pick Up 10 | . 2 6 2 . Fast Attach 2 | . 2 . . . Attach 5 | . . 1 . 4 Detach 1 | . . 1 . . Swap 8 | . 2 6 . . Drop 1 | . 1 . . . Fire 27 | . . 19 . 8 Melee . | . . . . . Ram 1 | . . 1 . . Kick 4 | . . . . 4 Crush . | . . . . . Escape Stasis . | . . . . . Rewire . | . . . . . Trap . | . . . . . Miscellaneous . | . . . . . Route ------- -11/Scrapyard -10/Materials (discovered 2 exits: *Min x2) -10/Mines (discovered 3 exits: *Mat x2 / *Exi) -10/Exiles -9/Mines History --------- Turn | Location | Event 1 | -11/Scrapyard | Discovered new exit (range 0) 1 | -11/Scrapyard | Entered Materials 97 | -10/Materials | Discovered new exit (range 13) 266 | -10/Materials | Discovered new exit (range 9) 305 | -10/Materials | Build established: Mutant 354 | -10/Materials | Entered Mines 458 | -10/Mines | Discovered new exit (range 13) 817 | -10/Mines | Identified exit to Materials 922 | -10/Mines | YI-UF0 nonchalantly dropped a Grenade Launcher on the ground 946 | -10/Mines | Deemed a non-threat by the Exiles lab entrance 948 | -10/Mines | Discovered new exit (range 5) 954 | -10/Mines | Entered Exiles 990 | -10/Exiles | Met 8R-AWN 1006 | -10/Exiles | Build established: Scavenger-Mutant 1020 | -10/Exiles | Met EX-HEX 1060 | -10/Exiles | Met EX-BIN 1080 | -10/Exiles | Aligned with FarCom system 1082 | -10/Exiles | Given EX-Vault access code 1120 | -10/Exiles | Opened EX-Vault 1131 | -10/Exiles | Found Longsword +1 1168 | -10/Exiles | Warned to stay clear of 0b10 Research branches 1184 | -10/Exiles | Exiles lab attacked by MAIN.C 1224 | -10/Exiles | Learned location of Zion (-6) 1308 | -10/Exiles | Discovered new exit (range 15) 1328 | -10/Exiles | Left Exiles lab with Longsword +1 1328 | -10/Exiles | Entered Mines 1352 | -9/Mines | Met a Derelict bent on vengeance 1378 | -9/Mines | Learned Materials machine intel 1394 | -9/Mines | Assembled infested the area 1399 | -9/Mines | Assisted by a Guerilla fighting off Assembled 1446 | -9/Mines | Core integrity fell below 50% 1469 | -9/Mines | Core integrity fell below 20% 1476 | -9/Mines | Destroyed by as-92392 with Assembled Heavy Rifle Last Messages --------------- 01394_ ALERT: Infestation in the mines, dispatching Demolisher response squad. 01401_ System corrupted: Matter fused (-7). 01413_ Wheel destroyed. 01416_ Knocked back. 01421_ as-24848 destroyed. 01424_ Acquired 11 matter. 01435_ Destroyed Asb. Hover Unit. 01438_ as-67390 destroyed. 01441_ as-36535 destroyed. 01442_ Acquired 12 matter. 01443_ Ion Engine destroyed. 01444_ Acquired 7 matter. 01446_ Kicked as-49412. 01450_ System corrupted: Matter fused (-5). 01450_ Kicked as-49412. 01453_ Kicked as-49412 out of the way. 01455_ Kicked as-42103 out of the way. 01459_ Critical hit (Burn: +80). 01462_ Aluminum Leg destroyed. 01466_ Particle Gun destroyed. Map ----- +----------------------------------------------------+ | ?????????????????????????????????## ??????? | | ??????????????????????????????#### ??????? | | ?????????????????????????????## ??????? | | ?????????????????????????????# ??????? | | ?????????????????????????????# #??????? | | ??????????????????????????????# #??????? | | ??????????????????????????????# #??????? | | ???????????????????????????????# ##?????? | | ??????????????????????????????## ##????? | | ????????????????????????####### ##???? | | ???????????????????????? ##### | | ????????????????????????? | | ??????????????????????????????# | | ???????????????????????????????# ##### | | ???????????????????????????????## ##???# | | ????????????????????????????????## #####????# | | ????????????????????############## #????????# | | ????????????????????# #????????# | | ????????????????????# ############ #????????? | | ????????????????????# #??????????# #????????? | | ??????????????####### #??????????# #????????? | | ??????????????# #??????????# ????????? | | ??????????????# ##### #??????????# ???????? | | ??????????????# #???# #??????????### ??????? | | ??????????????# #???# #?????????????# ?????? | | ??????????????# #??##@######?????????## ????? | | ??????????????# #?## ##?????????? ????? | | ??????????????# ###a #??????????? ???? | | ??????????????# ##aa #????????????##??? | | ??????????????# aaa #????????????????? | | ????????? aa ##????????????????? | | ?????# ## a #?????????????????? | | ?????# #?#### #?????????????????? | | ?????## < #?????## ##?????????????????? | | ??????## #????????######??????????????????? | | ???????## #?????????????????????????????????? | | ????????# ??????????????????????????????????? | | ????????# ???????????????????????????????????? | | ???????? ????????????????????????????????????? | | ??????? ?????????????????????????????????????? | | ?????? ??????????????????????????????????????? | | ?????????????????????????????????????????????? | | ?????????????????????????????????????????????? | | ?????????????????????????????????????????????? | | ?????????????????????????????????????????????? | | ?????????????????????????????????????????????? | | ?????????????????????????????????????????????? | | ?????????????????????????????????????????????? | | | | | +----------------------------------------------------+ Best States ------------- Heat Dissipation 39 Energy Generation 10 Energy Capacity 250 Matter Stores 300 Matter Capacity 300 Sight Range 16 Terrain Scan Density 10 Evasion (%) 55 Item Schematics ----------------- None Robot Schematics ------------------ None Fabricated ------------ Nothing Alien Tech Used ----------------- None Achievements -------------- None Challenges ------------ None Game ------ Seed MagneticCentriumSuite Manual? 0 Play Time 00:13:38 Cumulative 94.7 hours Start 2022.02.12 @ 17:35:09 End 2022.02.12 @ 22:19:55 Sessions 3 Manual Loads 0 Difficulty Rogue Special Mode None Game No. 110 Rogue 88 Adventurer 18 Explorer 4 Win Type - Total 1 Types 0/0/1/0/0/0/0/0/0 Lore% 47 Gallery% 51 Achievement% 45 Wizard Run 0 Options --------- ASCII 1 Keyboard 1 Movement Vi Keybinds 0 Fullscreen 2 Font 18/SmallcapsGlow Map View 83x54 Tactical HUD 1 Map Filters SATURATION(80) Filters SATURATION(80) Steam 1 RUN: 8a6eb8dd-c131-4145-b673-8d0519ab909f